 Dungeon Crawl Stone Soup version 0.22-a0-447-gee5f723 (webtiles) character file.

21 Megalobster the Changer (level 2, 0/23 HPs)
             Began as a Draconian Transmuter on June 3, 2018.
             Slain by an adder (4 damage)
             ... on level 2 of the Dungeon.
             The game lasted 00:02:43 (1206 turns).

Megalobster the Changer (Draconian Transmuter)      Turns: 1206, Time: 00:02:43

Health: 0/23       AC:  5    Str: 12    XL:     2   Next: 62%
Magic:  3/5        EV: 12    Int: 13    God:
Gold:   33         SH:  0    Dex: 11    Spells: 4/5 levels left

rFire    . . .     SeeInvis .   h - +0 dagger
rCold    . . .     Gourm    .   (no shield)
rNeg     . . .     Faith    .   (armour unavailable)
rPois    .         Spirit   .   (helmet restricted)
rElec    .         Reflect  .   (no cloak)
rCorr    .         Harm     .   e - +0 pair of gloves
MR       .....                  (boots currently unavailable)
Stlth    +.........             (no amulet)
HPRegen  0.07/turn              (no ring)
MPRegen  0.09/turn              (no ring)

@: lethally poisoned (0 -> -6), appendage
A: unfitting armour, talons 3, cold-blooded, AC +4
a: End Transformation


You were on level 2 of the Dungeon.
You were not hungry.
You had grown temporary talons.
You visited 1 branch of the dungeon, and saw 2 of its levels.

You collected 33 gold pieces.

Inventory:

Hand Weapons
 d - a +0 spear
 h - a +0 dagger (weapon)
Missiles
 a - 73 arrows
 b - 43 stones (quivered)
 l - 20 sling bullets
Armour
 e - a +0 pair of gloves (worn)
Scrolls
 g - a scroll of identify {unknown}
 i - a scroll of fog {unknown}
 j - a scroll of teleportation {unknown}
Potions
 f - 2 potions of heal wounds {unknown}
 k - 3 potions of brilliance {unknown}
Comestibles
 c - 2 rations


   Skills:
 - Level 1.1 Fighting
 - Level 1.7 Dodging
 - Level 3.0 Unarmed Combat
 - Level 2.0 Spellcasting
 * Level 3.2 Transmutations


You had 4 spell levels left.
You knew the following spells:

 Your Spells              Type           Power        Failure   Level  Hunger
a - Beastly Appendage     Tmut           #.....       7%          1    ##.....

Your spell library contained the following spells:

 Spells                   Type           Power        Failure   Level  Hunger
 Spider Form              Tmut/Pois      #.........   36%         3    ####...
 Blade Hands              Tmut           #.........   88%         5    ######.
 Ice Form                 Ice/Tmut       #.......     78%         4    #####..
 Sticks to Snakes         Tmut           #.......     10%         2    ###....


Dungeon Overview and Level Annotations

Branches:
Dungeon (2/15)

Altars:


Innate Abilities, Weirdness & Mutations

Your plain brown scales are hard. (AC +4)
You cannot fit into any form of body armour.
You are cold-blooded and may be slowed by cold attacks.
You have claws for feet.


Message History

You barely miss the adder.
Your tail-slap misses the adder.
The adder is lightly wounded.
The adder bites you.
You are more poisoned.
The adder poisons you! The adder misses you.
You take 2 damage, and have 8/23 hp.
Casting: Beastly Appendage (safe; 7% risk of failure)
Confirm with . or Enter, or press ? or * to list all spells.
You fail to extend your transformation any further.
You feel sick. The adder barely misses you.
You take 1 damage, and have 7/23 hp.
You now have 2/5 mp.
You hit the adder.
The adder is moderately wounded.
The adder bites you.
* * * LOW HITPOINT WARNING * * *
You take 3 damage, and have 4/23 hp.
You hit the adder but do no damage.
The adder is moderately wounded.
The adder bites you.
You die...

#.# ..#
#>###..# #
#.....?# #.
#.#..### .
#<#..#######
#.#...รท.......
##.#...#.#####.
##.....##..#
#...S@.# #.#
......)### ..
##.#... ##.
...... #.
#..... .#
#..... #.....
....##


You could see an adder.

Vanquished Creatures
  A dart slug (D:1)
  4 bats
  A giant cockroach (D:1)
  2 goblins (D:1)
  2 hobgoblins
  2 jackals (D:1)
  2 kobolds (D:1)
  2 rats (D:1)
16 creatures vanquished.

Notes
Turn   | Place    | Note
-------+----------+-------------------------------------------
     0 | D:1      | Megalobster the Draconian Transmuter began the quest for the Orb.
     0 | D:1      | Reached XP level 1. HP: 16/16 MP: 3/3
   237 | D:1      | Reached XP level 2. HP: 12/23 MP: 5/5
  1206 | D:2      | Slain by an adder

Vault maps used:
D:1:      nicolae_arrival_somewhat_less_tricky_arrival, patterned_corridor
D:2:      overflow_temple_1_default, grunt_ministairs_2

Skill      XL: |  1  2 |
---------------+-------+-----
Transmutations | 3 |  3.2
Fighting       | |  1.1
Dodging        | |  1.7
Unarmed Combat | |  3.0
Spellcasting   | |  2.0

Action                   || total
-------------------------++-------
Melee: Spear             ||    25
       Unarmed           ||     4
       Tailslap          ||     5
       Dagger            ||    49
       Kick              ||     1
       Headbutt          ||     1
 Cast: Beastly Appendage ||     4
 Stab: Sleeping          ||     1
  Eat: Chunk             ||     1
Armor: Skin              ||    21
Dodge: Dodged            ||    57

Table legend:
 A = Spawn XP
 B = Non-spawn XP
 C = Spawn XP percentage of total XP
 D = Spawn monster count
 E = Non-spawn monster count
 F = Spawn count percentage of total count
 G = Total turns spent on level
                    A         B        C        D         E        F      G
               +---------+---------+-------+---------+---------+-------+---------
         Total |       0 |      30 |   0.0 |       0 |      16 |   0.0 |  1206
               +---------+---------+-------+---------+---------+-------+---------
           D:1 |       0 |      26 |   0.0 |       0 |      14 |   0.0 |  1171
           D:2 |       0 |       4 |   0.0 |       0 |       2 |   0.0 |    35
               +---------+---------+-------+---------+---------+-------+---------
